TOP OF THE 1ST |
University of Florida Gators batting - Pitching for Arizona State University Sun Devils : RHP Luis Escajeda
|
Pitching: RHP Luis Escajeda
|
|
Batting: RHB Marco Morales
|
0-0: Foul Ball, location: 2F 0-1: Ball 1-1: Swinging Strike 1-2: Foul Ball, location: 2F 1-2: Strikes out looking
|
Batting: LHB Terry Bayer
|
0-0: Ball 1-0: Ball 2-0: Called Strike 2-1: Foul Ball, location: 2F 2-2: Fly out, F9 (Flyball, 89M, EV 89.4 MPH)
|
Batting: RHB Ben Bailey
|
0-0: Foul Ball, location: 2F 0-1: Ball 1-1: SINGLE (Groundball, 6D, EV 101.2 MPH)
|
Batting: SHB Nelson Carachure
|
0-0: Swinging Strike 0-1: Ball 1-1: Called Strike 1-2: Strikes out swinging
|
Top of the 1st over - 0 runs, 1 hit, 0 errors, 1 left on base; University of Florida 0 - Arizona State University 0 |
BOTTOM OF THE 1ST |
Arizona State University Sun Devils batting - Pitching for University of Florida Gators : RHP Nelson Carachure
|
Pitching: RHP Nelson Carachure
|
|
Batting: LHB Eric Russell
|
0-0: Called Strike 0-1: Ball 1-1: Ball 2-1: Foul Ball, location: 2F 2-2: Foul Ball, location: 2F 2-2: Foul Ball, location: 2F 2-2: Ball 3-2: Foul Ball, location: 2F 3-2: Foul Ball, location: 2F 3-2: Foul Ball, location: 2F 3-2: Strikes out looking
|
Batting: RHB Rusty Gee
|
0-0: Ball 1-0: Called Strike 1-1: Called Strike 1-2: Ball 2-2: Strikes out swinging
|
Batting: SHB Manny Aponte
|
0-0: Called Strike 0-1: Ball 1-1: Ball 2-1: Ball 3-1: Ground out U3 (Groundball, 3, EV 91.2 MPH)
|
Bottom of the 1st over - 0 runs, 0 hits, 0 errors, 0 left on base; University of Florida 0 - Arizona State University 0 |
TOP OF THE 2ND |
University of Florida Gators batting - Pitching for Arizona State University Sun Devils : RHP Luis Escajeda
|
Batting: RHB Robert Mason
|
0-0: Foul Ball, location: 2F 0-1: Foul Ball, location: 2F 0-2: Foul Ball, location: 2F 0-2: Ball 1-2: Fly out, F8 (Line Drive, 8LD, EV 98.1 MPH)
|
Batting: RHB Lião Weishampt
|
0-0: Foul Ball, location: 2F 0-1: Ball 1-1: SOLO HOME RUN (Flyball, 78XD, EV 98.8 MPH), Distance : 390 ft
|
Batting: RHB Gong-sun Law
|
0-0: Ball 1-0: Fly out, F7 (Flyball, 7, EV 93.8 MPH)
|
Batting: RHB Danny Cisneros
|
0-0: Ball 1-0: Ball 2-0: Called Strike 2-1: Ground out 6-3 (Groundball, 6, EV 110.0 MPH)
|
Top of the 2nd over - 1 run, 1 hit, 0 errors, 0 left on base; University of Florida 1 - Arizona State University 0 |
BOTTOM OF THE 2ND |
Arizona State University Sun Devils batting - Pitching for University of Florida Gators : RHP Nelson Carachure
|
Batting: LHB Dustin Gill
|
0-0: Foul Ball, location: 2F 0-1: Called Strike 0-2: Strikes out looking
|
Batting: RHB Martin Boyle
|
0-0: Ball 1-0: Foul Ball, location: 2F 1-1: Fly out, F6 (Popup, 56, EV 81.9 MPH)
|
Batting: RHB John Burgis
|
0-0: Ball 1-0: Ground out 4-3 (Groundball, 4, EV 106.2 MPH)
|
Bottom of the 2nd over - 0 runs, 0 hits, 0 errors, 0 left on base; University of Florida 1 - Arizona State University 0 |
TOP OF THE 3RD |
University of Florida Gators batting - Pitching for Arizona State University Sun Devils : RHP Luis Escajeda
|
Batting: RHB Juan Lopez
|
0-0: Fly out, F4 (Popup, 13, EV 85.0 MPH)
|
Batting: RHB Marco Morales
|
0-0: Called Strike 0-1: Ball 1-1: Ball 2-1: Ground out 4-3 (Groundball, 4, EV 83.8 MPH)
|
Batting: LHB Terry Bayer
|
0-0: Ball 1-0: Foul Ball, location: 2F 1-1: Swinging Strike 1-2: Ground out 6-3 (Groundball, 6, EV 77.5 MPH)
|
Top of the 3rd over - 0 runs, 0 hits, 0 errors, 0 left on base; University of Florida 1 - Arizona State University 0 |
BOTTOM OF THE 3RD |
Arizona State University Sun Devils batting - Pitching for University of Florida Gators : RHP Nelson Carachure
|
Batting: LHB Burraga Iukini
|
0-0: Ball 1-0: Swinging Strike 1-1: Ball 2-1: Foul Ball, location: 2F 2-2: Ball 3-2: Strikes out looking
|
Batting: RHB Jun-hyuk Leem
|
0-0: Ball 1-0: Called Strike 1-1: Called Strike 1-2: Ground out U3 (Groundball, 34, EV 105.6 MPH)
|
Batting: RHB Carl Evans
|
0-0: Called Strike 0-1: Ball 1-1: Ball 2-1: Ball 3-1: Called Strike 3-2: Strikes out swinging, 2-3 out at first.
|
Bottom of the 3rd over - 0 runs, 0 hits, 0 errors, 0 left on base; University of Florida 1 - Arizona State University 0 |
TOP OF THE 4TH |
University of Florida Gators batting - Pitching for Arizona State University Sun Devils : RHP Luis Escajeda
|
Batting: RHB Ben Bailey
|
0-0: Ground out U3 (Groundball, 34, EV 101.2 MPH)
|
Batting: SHB Nelson Carachure
|
0-0: Ball 1-0: Foul Ball, location: 2F 1-1: SINGLE (Groundball, P, EV 84.4 MPH) (infield hit)
|
Batting: RHB Robert Mason
|
0-0: Ball Nelson Carachure steals 2nd, throwing error, E2 Nelson Carachure to third 1-0: Ground out 4-3 (Groundball, 4S, EV 85.6 MPH) Nelson Carachure scores
|
Batting: RHB Lião Weishampt
|
0-0: Foul Ball, location: 2F 0-1: Ball 1-1: Foul Ball, location: 2F 1-2: Ball 2-2: Fly out, F9 (Flyball, 9D, EV 88.1 MPH)
|
Top of the 4th over - 1 run, 1 hit, 1 error, 0 left on base; University of Florida 2 - Arizona State University 0 |
BOTTOM OF THE 4TH |
Arizona State University Sun Devils batting - Pitching for University of Florida Gators : RHP Nelson Carachure
|
Batting: LHB Eric Russell
|
0-0: Called Strike 0-1: Ball 1-1: SINGLE (Groundball, 56S, EV 73.8 MPH) (infield hit)
|
Batting: RHB Rusty Gee
|
0-0: Ball Eric Russell is caught stealing 2nd base 2-4 1-0: Foul Ball, location: 2F 1-1: Ball 2-1: Ball 3-1: Foul Ball, location: 2F 3-2: Ground out 4-3 (Groundball, 34, EV 86.2 MPH)
|
Batting: SHB Manny Aponte
|
0-0: Ball 1-0: Ball 2-0: Ball 3-0: Base on Balls
|
Batting: LHB Dustin Gill
|
0-0: Ground out 5-3 (Groundball, 56S, EV 83.8 MPH)
|
Bottom of the 4th over - 0 runs, 1 hit, 0 errors, 1 left on base; University of Florida 2 - Arizona State University 0 |
TOP OF THE 5TH |
University of Florida Gators batting - Pitching for Arizona State University Sun Devils : RHP Luis Escajeda
|
Batting: RHB Gong-sun Law
|
0-0: Called Strike 0-1: Ground out 6-3 (Groundball, 6, EV 90.0 MPH)
|
Batting: RHB Danny Cisneros
|
0-0: Ball 1-0: Called Strike 1-1: Ball 2-1: Ball 3-1: Base on Balls
|
Batting: RHB Juan Lopez
|
0-0: Swinging Strike 0-1: Grounds into double play, 6-4-3 (Groundball, 6, EV 88.8 MPH)
|
Top of the 5th over - 0 runs, 0 hits, 0 errors, 0 left on base; University of Florida 2 - Arizona State University 0 |
BOTTOM OF THE 5TH |
Arizona State University Sun Devils batting - Pitching for University of Florida Gators : RHP Nelson Carachure
|
Batting: RHB Martin Boyle
|
0-0: SINGLE (Groundball, 56D, EV 99.4 MPH)
|
Batting: RHB John Burgis
|
0-0: Swinging Strike 0-1: Ball 1-1: Foul Ball, location: 2F 1-2: Ball 2-2: Ball 3-2: Grounds into double play, 5-4-3 (Groundball, 56, EV 88.8 MPH)
|
Batting: LHB Burraga Iukini
|
0-0: Ball 1-0: Foul Ball, location: 2F 1-1: Foul Ball, location: 2F 1-2: Strikes out swinging
|
Bottom of the 5th over - 0 runs, 1 hit, 0 errors, 0 left on base; University of Florida 2 - Arizona State University 0 |
TOP OF THE 6TH |
University of Florida Gators batting - Pitching for Arizona State University Sun Devils : RHP Luis Escajeda
|
Batting: RHB Marco Morales
|
0-0: Ball 1-0: Fly out, F8 (Line Drive, 8RS, EV 85.0 MPH)
|
Batting: LHB Terry Bayer
|
0-0: Called Strike 0-1: Called Strike 0-2: Ball 1-2: Ball 2-2: SINGLE (Groundball, 6, EV 105.0 MPH)
|
Batting: RHB Ben Bailey
|
0-0: Foul Ball, location: 2F 0-1: Ball Terry Bayer is caught stealing 2nd base 2-4 1-1: Foul Ball, location: 2F 1-2: Ball 2-2: Foul Ball, location: 2F 2-2: Ball 3-2: Foul Ball, location: 2F 3-2: Foul Ball, location: 2F 3-2: Ground out 5-3 (Groundball, 56, EV 84.4 MPH)
|
Top of the 6th over - 0 runs, 1 hit, 0 errors, 0 left on base; University of Florida 2 - Arizona State University 0 |
BOTTOM OF THE 6TH |
Arizona State University Sun Devils batting - Pitching for University of Florida Gators : RHP Nelson Carachure
|
Batting: RHB Jun-hyuk Leem
|
0-0: Called Strike 0-1: Swinging Strike 0-2: Foul Ball, location: 2F 0-2: Fly out, F8 (Flyball, 8RD, EV 106.9 MPH)
|
Batting: RHB Carl Evans
|
0-0: Called Strike 0-1: Ball 1-1: Foul Ball, location: 2F 1-2: Ball 2-2: Strikes out looking
|
Batting: LHB Eric Russell
|
0-0: Ball 1-0: Foul Ball, location: 2F 1-1: Swinging Strike 1-2: Strikes out swinging
|
Bottom of the 6th over - 0 runs, 0 hits, 0 errors, 0 left on base; University of Florida 2 - Arizona State University 0 |
TOP OF THE 7TH |
University of Florida Gators batting - Pitching for Arizona State University Sun Devils : RHP Luis Escajeda
|
Pitching: RHP Dave Cano
|
|
Batting: SHB Nelson Carachure
|
0-0: Ball 1-0: Foul Ball, location: 2F 1-1: Called Strike 1-2: Foul Ball, location: 2F 1-2: SOLO HOME RUN (Flyball, 9D, EV 96.2 MPH), Distance : 340 ft
|
Batting: RHB Robert Mason
|
0-0: Called Strike 0-1: Ball 1-1: Fly out, F8 (Flyball, 8RD, EV 99.4 MPH)
|
Batting: RHB Lião Weishampt
|
0-0: Called Strike 0-1: Ball 1-1: Ball 2-1: Ball 3-1: Base on Balls
|
Batting: RHB Gong-sun Law
|
0-0: Ball 1-0: Ball 2-0: SINGLE (Line Drive, 6M, EV 95.6 MPH) Lião Weishampt to second
|
Batting: RHB Danny Cisneros
|
0-0: Ball 1-0: Foul Ball, location: 2F 1-1: Ball 2-1: Foul Ball, location: 2F 2-2: Strikes out swinging
|
Batting: RHB Juan Lopez
|
0-0: Ball 1-0: Ball 2-0: Ground out 3-1 (Groundball, 34S, EV 66.9 MPH)
|
Top of the 7th over - 1 run, 2 hits, 0 errors, 2 left on base; University of Florida 3 - Arizona State University 0 |
BOTTOM OF THE 7TH |
Arizona State University Sun Devils batting - Pitching for University of Florida Gators : RHP Nelson Carachure
|
Pitching: RHP Elliot Gallagher
|
|
Batting: RHB Rusty Gee
|
0-0: Ball 1-0: Ground out 5-3 (Groundball, 56, EV 83.8 MPH)
|
Batting: SHB Manny Aponte
|
0-0: Ball 1-0: Called Strike 1-1: Ball 2-1: Foul Ball, location: 2F 2-2: Ball 3-2: Ground out U3 (Groundball, 34, EV 81.9 MPH)
|
Batting: LHB Dustin Gill
|
0-0: Ball 1-0: Foul Ball, location: 2F 1-1: Fly out, F8 (Flyball, 89D, EV 91.9 MPH)
|
Bottom of the 7th over - 0 runs, 0 hits, 0 errors, 0 left on base; University of Florida 3 - Arizona State University 0 |
TOP OF THE 8TH |
University of Florida Gators batting - Pitching for Arizona State University Sun Devils : RHP Dave Cano
|
Batting: RHB Marco Morales
|
0-0: Called Strike 0-1: Ground out 1-3 (Groundball, P, EV 66.9 MPH)
|
Batting: LHB Terry Bayer
|
0-0: Reached on error, E4 (Groundball, 4, EV 99.4 MPH)
|
Batting: RHB Ben Bailey
|
0-0: Ball 1-0: Called Strike Terry Bayer is caught stealing 2nd base 2-4 1-1: Ball 2-1: Ball 3-1: Base on Balls
|
Batting: SHB Nelson Carachure
|
0-0: Foul Ball, location: 2F 0-1: Fly out, F9 (Flyball, 89S, EV 90.0 MPH)
|
Top of the 8th over - 0 runs, 0 hits, 1 error, 1 left on base; University of Florida 3 - Arizona State University 0 |
BOTTOM OF THE 8TH |
Arizona State University Sun Devils batting - Pitching for University of Florida Gators : RHP Elliot Gallagher
|
Batting: RHB Martin Boyle
|
0-0: Ball 1-0: Ball 2-0: Fly out, F7 (Flyball, 7, EV 94.4 MPH)
|
Batting: RHB John Burgis
|
0-0: Called Strike 0-1: Ball 1-1: Foul Ball, location: 2F 1-2: Foul Ball, location: 2F 1-2: Foul Ball, location: 2F 1-2: Foul Ball, location: 2F 1-2: Ball 2-2: Ground out 4-3 (Groundball, 4, EV 102.5 MPH)
|
Batting: LHB Burraga Iukini
|
0-0: Foul Ball, location: 2F 0-1: Foul Ball, location: 2F 0-2: Strikes out swinging
|
Bottom of the 8th over - 0 runs, 0 hits, 0 errors, 0 left on base; University of Florida 3 - Arizona State University 0 |
TOP OF THE 9TH |
University of Florida Gators batting - Pitching for Arizona State University Sun Devils : RHP Dave Cano
|
Pitching: RHP Roberto Silva
|
|
Batting: RHB Robert Mason
|
0-0: Ball 1-0: SINGLE (Groundball, 56D, EV 99.4 MPH)
|
Batting: RHB Lião Weishampt
|
0-0: Ball 1-0: Foul Ball, location: 2F 1-1: Ball 2-1: Ball 3-1: Base on Balls Robert Mason to second
|
Pitching: LHP Adam Distasio
|
|
Batting: RHB Gong-sun Law
|
0-0: Ball 1-0: Bunt missed! 1-1: Sac Bunt to 3S - play at first, batter OUT! 3-4 Robert Mason to third Lião Weishampt to second
|
Batting: RHB Danny Cisneros
|
0-0: Intentional Walk
|
Batting: RHB Juan Lopez
|
0-0: Ball 1-0: Swinging Strike 1-1: Foul Ball, location: 2F 1-2: Ball 2-2: Strikes out looking
|
Batting: RHB Marco Morales
|
0-0: SINGLE (Groundball, 4MS, EV 65.6 MPH) (infield hit) Robert Mason scores Lião Weishampt to third Danny Cisneros to second
|
Batting: LHB Terry Bayer
|
0-0: Swinging Strike 0-1: Foul Ball, location: 2F 0-2: Ball 1-2: Ball 2-2: Strikes out looking
|
Top of the 9th over - 1 run, 2 hits, 0 errors, 3 left on base; University of Florida 4 - Arizona State University 0 |
BOTTOM OF THE 9TH |
Arizona State University Sun Devils batting - Pitching for University of Florida Gators : RHP Elliot Gallagher
|
Pitching: RHP Dave Ross
|
|
Batting: RHB Jun-hyuk Leem
|
0-0: Ball 1-0: Called Strike 1-1: Reached on error, E5 (Groundball, 5L, EV 101.2 MPH)
|
Batting: RHB Carl Evans
|
0-0: Ground out 6-3 (Groundball, 6, EV 86.9 MPH)
|
Pitching: LHP Alex Zepeda
|
|
Batting: LHB Eric Russell
|
0-0: Ball 1-0: Foul Ball, location: 2F 1-1: Ball 2-1: Foul Ball, location: 2F 2-2: Foul Ball, location: 2F 2-2: Ground out 5-3 (Groundball, 5, EV 97.5 MPH)
|
Pitching: LHP Adhamh Lubis
|
|
Batting: RHB Rusty Gee
|
0-0: Fly out, F8 (Flyball, 8LM, EV 90.0 MPH)
|
Bottom of the 9th over - 0 runs, 0 hits, 1 error, 1 left on base; University of Florida 4 - Arizona State University 0 |
|